 Dungeon Crawl Stone Soup version 0.27.1-1-g398f81649c (webtiles) character file.

Game seed: 3672333737044316970

60 Descartes the Conjurer (level 3, -4/19 HPs)
             Began as a Deep Elf Conjurer on Sept 5, 2021.
             Slain by Edmund (16 damage)
             ... on level 4 of the Dungeon.
             The game lasted 00:02:37 (1675 turns).

Descartes the Conjurer (Deep Elf Conjurer)          Turns: 1675, Time: 00:02:38

Health: -4/19      AC:  3    Str:  4    XL:     3   Next: 82%
Magic:  10/10      EV: 11    Int: 22    God:
Gold:   37         SH:  0    Dex: 14    Spells: 8/9 levels left

rFire    . . .     SeeInvis .   (no weapon)
rCold    . . .     Faith    .   (no shield)
rNeg     . . .     Spirit   .   b - +0 leather armour
rPois    .         Reflect  .   (no helmet)
rElec    .         Harm     .   (no cloak)
rCorr    .         Rampage  .   (no gloves)
Will     .....                  (no boots)
Stlth    +.........             (no amulet)
HPRegen  0.06/turn              (no ring)
MPRegen  0.12/turn              (no ring)

@: brilliant, silenced
A: no striking features
a: no special abilities


You were on level 4 of the Dungeon.
You visited 1 branch of the dungeon, and saw 3 of its levels.

You collected 37 gold pieces.

Inventory:

Missiles
 c - 92 stones
 k - 3 poisoned darts
Armour
 a - a +0 robe
 b - a +0 leather armour (worn)
Scrolls
 g - a scroll of blinking {unknown}
 i - a scroll of enchant armour {unknown}
 j - a scroll of amnesia {unknown}
Potions
 f - a potion of lignification {unknown}
 h - a potion of heal wounds {unknown}


   Skills:
 - Level 0.1 Armour
 + Level 3.0 Dodging
 + Level 3.3 Stealth
 - Level 0.1 Unarmed Combat
 + Level 3.7 Spellcasting
 - Level 5.0 Conjurations


You had 8 spell levels left.
You knew the following spells:

 Your Spells              Type           Power      Damage    Failure   Level
a - Magic Dart            Conj           100%       1d8       2%          1

Your spell library contained the following spells:

 Spells                   Type           Power      Damage    Failure   Level
 Searing Ray              Conj           78%        3d6       4%          2
 Dazzling Flash           Conj/Hex       44%        N/A       22%         3
 Fulminant Prism          Conj/Hex       11%        3d9       58%         4
 Iskenderun's Mystic Bla  Conj/Tloc      22%        2d6       58%         4


Dungeon Overview and Level Annotations

Branches:
Dungeon (2/15)

Altars:

Shops:
D:1 =

Annotations:
D:4 Edmund


Message History

Press: ? - help, Shift-Dir - straight line, f - endoplasm
Aim: an endoplasm (asleep, 100% to hit)
The magic dart hits the endoplasm!
You kill the endoplasm!
Casting: Magic Dart (safe; 2% risk of failure)
Confirm with . or Enter, or press ? or * to list all spells.
You can't see any susceptible monsters within range! (Use Z to cast anyway.) Unknown command.
Casting: Magic Dart (safe; 2% risk of failure)
Confirm with . or Enter, or press ? or * to list all spells.
You can't see any susceptible monsters within range! (Use Z to cast anyway.) Unknown command.
Unknown command.
Casting: Magic Dart (safe; 2% risk of failure)
Confirm with . or Enter, or press ? or * to list all spells.
You can't see any susceptible monsters within range! (Use Z to cast anyway.)
Found a pair of gloves.
Casting: Magic Dart (safe; 2% risk of failure)
Confirm with . or Enter, or press ? or * to list all spells.
You can't see any susceptible monsters within range! (Use Z to cast anyway.) Unknown command.
Casting: Magic Dart (safe; 2% risk of failure)
Confirm with . or Enter, or press ? or * to list all spells.
You can't see any susceptible monsters within range! (Use Z to cast anyway.) Unknown command.
Found 13 gold pieces.
You fall into a shaft and drop 2 floors!
The shaft crumbles and collapses.
Edmund the Younger comes into view.
He is wielding a +1 flail of holy wrath and wearing a +2 ring mail of fire resistance.
Edmund shouts!
Edmund drinks a potion.
Edmund goes berserk!
It was a potion of brilliance.
You feel clever all of a sudden.
Edmund rages.
Edmund hits you with a +1 flail of holy wrath!
As you read the scroll labelled KIDWYR WEDIOS, it crumbles to dust.
A profound silence engulfs you.
It was a scroll of silence.
Edmund hits you with a +1 flail of holy wrath!
Ouch! That really hurt!
You die...

.... #...
#..# #..##
.... #..#
#..#
#@.#####
#@.....#
#.####.####
#..........
######.....
###


You could see Edmund (berserk).

Vanquished Creatures
  2 adders (D:2)
  A dart slug (D:1)
  5 ball pythons
  7 endoplasms
  5 hobgoblins
  3 jackals (D:1)
  4 quokkas
  3 bats
  2 frilled lizards (D:1)
  3 kobolds
35 creatures vanquished.

Notes
Turn   | Place    | Note
-------+----------+-------------------------------------------
     0 | D:1      | Descartes the Deep Elf Conjurer began the quest for the
                  | Orb.
     0 | D:1      | Reached XP level 1. HP: 10/10 MP: 6/6
   548 | D:1      | Reached XP level 2. HP: 15/15 MP: 6/8
   891 | D:1      | Found Xeiq's Jewellery Emporium.
   999 | D:1      | Reached XP level 3. HP: 9/19 MP: 3/9
  1524 | D:2      | Reached skill level 5 in Conjurations
  1669 | D:2      | You fall into a shaft and drop 2 floors!
  1669 | D:4      | Noticed Edmund
  1675 | D:4      | Slain by Edmund

Illustrated notes

Levels and vault maps discovered:
D:1:      dpeg_arrival_arbitrary_a, layout_rooms, serial_shops,
          nicolae_shop_window_shopping
D:2:      layout_loops_cross, basic_altar, kennysheep_crisscross, minivault_4,
          amethyst_killhole
D:4:      minmay_wonky_spiral, layout_loops_ring,
          worldfamousw_hep_ancestral_shrine, kennysheep_mini_moat,
          minmay_temple_entry_stoned_glass, uniq_duvessa, uniq_grinder,
          uniq_edmund

Skill      XL: |  1  2  3 |
---------------+----------+-----
Stealth        | 3 |  3.3
Dodging        | 3 |  3.0
Conjurations   | 5 |  5.0
Armour         | |  0.1
Unarmed Combat | |  0.1
Spellcasting   | |  3.7

Action                   || total
-------------------------++-------
Melee: Unarmed           ||     3
 Cast: Magic Dart        ||    75
  Use: Scroll            ||     1
       Potion            ||     1
 Stab: Sleeping          ||     1
Armor: Leather armour    ||     1
Dodge: Dodged            ||    17
